 Dungeon Crawl Stone Soup version 0.21-a0-216-g6d3fd91 (webtiles) character file.

415 namelastname112 the Caller (level 6, -3/51 HPs)
             Began as a Draconian Summoner on Aug 24, 2017.
             Hit by a stone thrown by an orc warrior (15 damage)
             ... on level 5 of the Dungeon.
             The game lasted 00:08:03 (4387 turns).

namelastname112 the Caller (Draconian Summoner)     Turns: 4387, Time: 00:08:04

Health: -3/51      AC:  7    Str: 10    XL:     6   Next: 60%
Magic:  11/11      EV: 13    Int: 18    God:
Gold:   181        SH:  0    Dex: 11    Spells: 1/11 levels left

rFire    . . .     SeeInvis +   B - +0 dagger (elec)
rCold    . . .     Gourm    .   (no shield)
rNeg     . . .     Faith    .   (armour unavailable)
rPois    .         Spirit   .   (helmet restricted)
rElec    .         Reflect  .   o - +0 cloak
rCorr    .         Harm     .   (no gloves)
MR       +....                  (no boots)
Stlth    ++........             (no amulet)
HPRegen  0.17/turn              c - ring of see invisible
MPRegen  0.12/turn              d - ring of protection from magic

@: no status effects
A: unfitting armour, cold-blooded, AC +6
a: no special abilities


You were on level 5 of the Dungeon.
You were hungry.

You visited 1 branch of the dungeon, and saw 5 of its levels.
You also visited: Sewer.

You collected 293 gold pieces.
You spent 112 gold pieces at shops.

Inventory:

Hand Weapons
 B - a +0 dagger of electrocution (weapon)
Armour
 o - a +0 cloak (worn)
Magical Staves
 h - an uncursed staff of energy
Jewellery
 c - a ring of see invisible (left hand)
 d - a ring of protection from magic (right hand)
 p - an uncursed ring of fire
Wands
 z - a wand of iceblast (13/15)
 D - a wand of digging (10/24)
Scrolls
 e - a scroll of random uselessness {unknown}
 f - 3 scrolls of identify {unknown}
 g - 6 scrolls of teleportation
 k - a scroll of immolation {unknown}
 n - a scroll of fear {unknown}
 q - a scroll of noise {unknown}
 r - 6 scrolls of remove curse {unknown}
 w - 2 scrolls of magic mapping {unknown}
 x - a scroll of enchant weapon {unknown}
Potions
 i - 2 potions of heal wounds
 l - a potion of flight
 m - a potion of haste
 t - a potion of curing {unknown}
 u - a potion of might {unknown}
 A - a potion of magic {unknown}
 C - a potion of berserk rage {unknown}
Books
 a - a book of Callings

   Spells                             Type                      Level
   a - Summon Small Mammal            Summoning                    1
   b - Call Imp                       Summoning                    2
   c - Call Canine Familiar           Summoning                    3
   d - Summon Guardian Golem          Hexes/Summoning              3
   e - Summon Lightning Spire         Summoning/Air                4
   f - Summon Ice Beast               Ice/Summoning                4
 y - a book of Misfortune

   Spells                             Type                      Level
   a - Confusing Touch                Hexes                        1
   b - Confuse                        Hexes                        3
   c - Gell's Gravitas                Translocation                3
   d - Petrify                        Transmutation/Earth          4
   e - Metabolic Englaciation         Hexes/Ice                    5
   f - Yara's Violent Unravelling     Hexes/Transmutation          5
Comestibles
 b - 4 bread rations
 j - 4 meat rations
 s - 16 fruits
 v - 2 royal jellies


   Skills:
 + Level 3.1 Fighting
 + Level 3.1 Dodging
 - Level 1.7 Stealth
 + Level 3.3 Spellcasting
 * Level 5.9 Summonings


You had one spell level left.
You knew the following spells:

 Your Spells              Type           Power        Failure   Level  Hunger
a - Summon Small Mammal   Summ           ###.         1%          1    None
b - Summon Lightning Spi  Summ/Air       ##......     43%         4    ####...
x - Call Canine Familiar  Summ           ###.....     4%          3    ###....
z - Call Imp              Summ           ###.....     1%          2    ##.....


Dungeon Overview and Level Annotations

Branches:
Dungeon (5/15)
 Temple: D:4-7

Altars:
Elyvilon
Gozag
Kikubaaqudgha
Nemelex Xobeh
Trog
Uskayaw
Vehumet
Wu Jian
Zin

Shops:
D:4 *


Innate Abilities, Weirdness & Mutations

Your plain brown scales are hard. (AC +6)
You cannot fit into any form of body armour.
You are cold-blooded and may be slowed by cold attacks.


Message History

Your crimson imp hits the orc warrior but does no damage.
You take 6 damage, and have 14/51 hp.
Your hound barely misses the orc warrior.
Your crimson imp blinks!
You see here a stone.
You are feeling hungry.
Your hound bites the orc warrior but does no damage.
The orc warrior throws a stone.
The stone hits you.
* * * LOW HITPOINT WARNING * * *
Your hound bites the orc warrior.
You see here a stone.
You take 3 damage, and have 11/51 hp.
The orc warrior throws a stone.
The stone misses you.
Your hound barely misses the orc warrior.
Your crimson imp blinks!
Your hound bites the orc warrior but does no damage.
The orc warrior throws a stone.
The stone closely misses your crimson imp.
The stone hits you!
You die...

#.....# ##.......... #.....#
###....#####.. #....?
####....### #....
#?....##......## ##... ....
#......## ##.#. #.###....###
#....
####.....############..#.
#####..h.#######...........#.
......o..5(.@(...........>###
#.###.##.††......#....###.# #
#.........##.......#
#.........##..#...##
#.........# #...#
#........... #...##
#.##.####.... ##...# .....#
.... #...## ##...#


You could see an orc warrior, a friendly hound and a friendly crimson imp.

Vanquished Creatures
  A bullfrog (Sewer)
  A scorpion (D:4)
  A howler monkey (D:4)
  An orc wizard (D:4)
  2 adders
  A river rat (D:3)
  A worm (D:5)
  2 dart slugs
  4 leopard geckos
  3 orcs
  6 giant cockroaches
  7 goblins
  5 hobgoblins
  8 jackals
  A quokka (D:2)
  3 ball pythons (Sewer)
  2 bats (D:3)
  7 frilled lizards
  6 kobolds
  6 rats
68 creatures vanquished.

Vanquished Creatures (collateral kills)
  An ogre (D:5)
  A bullfrog (Sewer)
  A hound (D:4)
  An iguana (D:4)
  2 adders
  A worm (D:2)
  A dart slug (D:2)
  A leopard gecko (D:3)
  2 orcs (D:4)
  4 ball pythons
  2 bats (D:1)
  4 giant cockroaches
  A goblin (D:2)
  A hobgoblin (D:1)
  2 jackals
  3 frilled lizards
  3 kobolds
  A rat (D:3)
32 creatures vanquished.

Grand Total: 100 creatures vanquished

Notes
Turn   | Place    | Note
-------+----------+-------------------------------------------
     0 | D:1      | namelastname112 the Draconian Summoner began the quest for the Orb.
     0 | D:1      | Reached XP level 1. HP: 14/14 MP: 3/3
   508 | D:1      | Reached XP level 2. HP: 7/22 MP: 0/5
   610 | D:1      | Learned a level 2 spell: Call Imp
   770 | D:1      | Reached skill level 1 in Fighting
  1134 | D:2      | Reached XP level 3. HP: 15/28 MP: 6/6
  1362 | D:2      | Learned a level 3 spell: Call Canine Familiar
  1761 | D:2      | Found a glowing silver altar of Zin.
  1895 | D:3      | Reached XP level 4. HP: 36/36 MP: 2/7
  2118 | D:3      | Found a glowing drain.
  2122 | Sewer    | Entered a sewer
  2268 | Sewer    | epen: так вот
  2292 | Sewer    | epen: по поводу ебанутости
  2295 | Sewer    | epen: ну ты сам подумай
  2435 | Sewer    | epen: они могут какую-то хуйню сделать без раздумий
  2468 | Sewer    | epen: на трезвую голову
  2473 | Sewer    | epen: ну типа
  2481 | Sewer    | epen: без бухла
  2507 | Sewer    | epen: без наркотиков
  2547 | Sewer    | epen: а потом думать
  2548 | Sewer    | Noticed a bullfrog
  2551 | Sewer    | Noticed a bullfrog
  2551 | Sewer    | epen: нахуя я это сделала
  2565 | Sewer    | epen: могут придумать сами себе какую-инубдь хуйню
  2568 | Sewer    | epen: накрутить её себе
  2580 | Sewer    | Killed a bullfrog
  2580 | Sewer    | Reached XP level 5. HP: 25/41 MP: 9/9
  2589 | Sewer    | Reached skill level 5 in Summonings
  2635 | Sewer    | epen: и потом ныть об этом
  2638 | Sewer    | epen: самой себе
  2638 | Sewer    | epen: или другим
  2638 | Sewer    | namelastname112: лол
  2638 | Sewer    | namelastname112: ну типа
  2638 | Sewer    | epen: а блять бабы подруги
  2638 | Sewer    | epen: это вообще нечто нахуй
  2638 | Sewer    | namelastname112: парни так тоже делают
  2638 | Sewer    | namelastname112: не все
  2638 | Sewer    | namelastname112: но делают
  2647 | Sewer    | epen: они нахуй могут друг другу ссать в голову
  2685 | Sewer    | epen: вот то есть
  2694 | Sewer    | epen: например
  2698 | Sewer    | epen: ты знаешь что у тебя тян охуенная
  2841 | D:3      | epen: и если я начну говорить, что у тебя хуёвая тян
  2981 | D:3      | epen: то ты никак не изменишь своё мнение
  3031 | D:4      | epen: потому что блять позиция у тебя такая
  3061 | D:4      | epen: и ты знаешь нахуй что ты прав
  3141 | D:4      | Found an ornate altar of the Wu Jian Council.
  3220 | D:4      | Found a white marble altar of Elyvilon.
  3227 | D:4      | Found an opulent altar of Gozag.
  3234 | D:4      | Found a sparkling altar of Nemelex Xobeh.
  3241 | D:4      | Found a radiant altar of Vehumet.
  3254 | D:4      | Reached XP level 6. HP: 40/50 MP: 10/10
  3258 | D:4      | epen: а вот у них наоборот
  3263 | D:4      | Learned a level 4 spell: Summon Lightning Spire
  3269 | D:4      | Found an ancient bone altar of Kikubaaqudgha.
  3276 | D:4      | Found a hide-covered altar of Uskayaw.
  3281 | D:4      | Found a bloodstained altar of Trog.
  3375 | D:4      | epen: какая-нибудь шлюха может сказать другой шлюхе
  3395 | D:4      | epen: мол
  3442 | D:4      | Found Fehy's General Store.
  3450 | D:4      | Bought a potion of heal wounds for 70 gold pieces
  3450 | D:4      | Bought a scroll of teleportation for 42 gold pieces
  3782 | D:4      | epen: а так-то у тебя парень мог бы и делать что-то получше
  3793 | D:4      | epen: чем например ЧТО-ТО
  3809 | D:4      | epen: и она такая блять
  3810 | D:4      | epen: ЗАДУМАЕТСЯ
  4028 | D:4      | epen: ЗАСОМНЕВАЕТСЯ
  4028 | D:4      | namelastname112: лол
  4028 | D:4      | namelastname112: да
  4028 | D:4      | namelastname112: у них есть такая хуйня
  4028 | D:4      | namelastname112: у моей короче
  4028 | D:4      | namelastname112: есть дрочь такая
  4028 | D:4      | namelastname112: она вот сидит дома
  4028 | D:4      | namelastname112: придумает себе чето
  4028 | D:4      | namelastname112: приезжает ко мне
  4028 | D:4      | namelastname112: ну я вижу, что она сама не своя чет
  4028 | D:4      | namelastname112: спрашиваю мол
  4028 | D:4      | namelastname112: че такое
  4028 | D:4      | namelastname112: она начинает мне какую-то чушь нести
  4028 | D:4      | namelastname112: просто блять невероятную
  4028 | D:4      | namelastname112: я говорю мол
  4028 | D:4      | epen: БЛЯЯЯЯАААА
  4028 | D:4      | namelastname112: так это же хуйня блять полная
  4028 | D:4      | epen: вот сука как же это сука жизненно
  4028 | D:4      | namelastname112: что ты несешь
  4028 | D:4      | namelastname112: и все
  4028 | D:4      | namelastname112: она вроде успокаивается
  4028 | D:4      | namelastname112: на какое-то время
  4140 | D:4      | epen: У моей короче
  4149 | D:5      | Entered Level 5 of the Dungeon
  4221 | D:5      | epen: обижается на какую-то хуйню
  4289 | D:5      | epen: или придумает чё-то
  4294 | D:5      | epen: я такой
  4300 | D:5      | epen: чего такое?
  4377 | D:5      | Noticed an orc warrior
  4383 | D:5      | epen: она
  4386 | D:5      | epen: НИЧЕГО
  4387 | D:5      | Hit by a stone thrown by an orc warrior

Vault maps used:
D:1:      nagdon_arrival_double_spiral
D:2:      zin_statuary, dk_vineyard_3
D:3:      first_bread, gup_sewer_entry_bowl
D:4:      grunt_temple_overflow_octagram, lemuel_doored_altar, serial_shops,
          nicolae_shop_trees
D:5:      serial_curves, eino_curves_01, eino_curves_02
Sewer:    sewer_frog_island_01

Skill      XL: |  1  2  3  4  5  6 |
---------------+-------------------+-----
Dodging        | 2 3 |  3.1
Fighting       | 1 2 3 |  3.1
Spellcasting   | 3 |  3.3
Summonings     | 5 |  5.9
Stealth        | |  1.7

Action                   |  1- 3 |  4- 6 || total
-------------------------+-------+-------++-------
Melee: Short sword       |   126 |   159 ||   285
       Unarmed           |    18 |       ||    18
       Tailslap          |    17 |    14 ||    31
       Dagger            |       |    24 ||    24
 Cast: Summon Small Mamm |    13 |     1 ||    14
       Call Imp          |    10 |    11 ||    21
       Call Canine Famil |     1 |     6 ||     7
  Use: Potion            |       |     3 ||     3
 Stab: Distracted        |     2 |       ||     2
       Sleeping          |     2 |     3 ||     5
  Eat: Chunk             |     4 |     9 ||    13
Armor: Skin              |    45 |    69 ||   114
Dodge: Dodged            |   114 |   160 ||   274

Table legend:
 A = Spawn XP
 B = Non-spawn XP
 C = Spawn XP percentage of total XP
 D = Spawn monster count
 E = Non-spawn monster count
 F = Spawn count percentage of total count
 G = Total turns spent on level
                    A         B        C        D         E        F      G
               +---------+---------+-------+---------+---------+-------+---------
         Total |      96 |     497 |  16.2 |      15 |      85 |  15.0 |  4387
               +---------+---------+-------+---------+---------+-------+---------
           D:1 |       5 |      29 |  14.7 |       4 |      17 |  19.0 |  1030
           D:2 |      14 |      45 |  23.7 |       9 |      16 |  36.0 |   807
           D:3 |       0 |      50 |   0.0 |       0 |      18 |   0.0 |   598
           D:4 |      77 |     154 |  33.3 |       2 |       9 |  18.2 |  1132
           D:5 |       0 |      77 |   0.0 |       0 |       6 |   0.0 |   238
         Sewer |       0 |     142 |   0.0 |       0 |      19 |   0.0 |   582
               +---------+---------+-------+---------+---------+-------+---------
